 Dungeon Crawl Stone Soup version 0.23.2-1-ga50397a6bc (webtiles) character file.

Game seed: 6977467976783451483

952759 OdinFK the Merry Centaur (level 27, -10/268 (273) HPs)
             Began as a Centaur Hunter on Apr 24, 2019.
             Was the Champion of Okawaru.
             Killed by the effects of Hell (26 damage)
             ... on level 5 of Tartarus on May 3, 2019.
             The game lasted 10:07:47 (112320 turns).

OdinFK the Merry Centaur (Centaur Hunter)         Turns: 112320, Time: 10:07:48

HP:   -10/268 (273) AC: 50    Str: 28      XL:     27
MP:   42/45         EV:  4    Int:  5 (10) God:    Okawaru [******]
Gold: 7266          SH:  0    Dex: 17      Spells: 38/44 levels left

rFire    + . .     SeeInvis +   b - +8 frozen axe "Frostbite" {freezing cloud, *Noise +Fly rC+}
rCold    + + +     Gourm    .   (shield currently unavailable)
rNeg     + + +     Faith    .   z - +8 orange crystal plate armour {Archmagi, Int+3 Clar}
rPois    +         Spirit   .   r - -2 hat of the Alchemist {rElec rPois rF+ rC+ rN+ MR+ rMut rCorr}
rElec    +         Reflect  .   E - +2 cloak of the Thunderstorm {MR++ Int-3 SInv}
rCorr    +         Harm     .   y - +0 pair of gloves {archery}
rMut     +         Clarity  +   F - +4 centaur barding {rC+}
MR       +++++                  W - macabre finger necklace {rN+}
Stlth    ..........             o - ring "Merosepucoj" {rPois MR+ Slay+2 SInv}
HPRegen  1.54/turn              K - ring "Pichise" {rN+ MP+9 Str+7 Dex+3}
MPRegen  0.29/turn              Y - ring of Nucoteu {*Drain +Inv +Fly Str-3 Slay+6 SInv}

@: about to teleport, regenerating, very quick
A: large, hooves 3, horns 1, deformed body, speed 2, tough skin 3
}: 6/15 runes: barnacled, slimy, silver, obsidian, icy, gossamer
a: Heroism, Finesse, Renounce Religion, Evoke Invisibility, Evoke Flight


You were on level 5 of Tartarus.
You worshipped Okawaru.
Okawaru was exalted by your worship.
You were hungry.

You visited 15 branches of the dungeon, and saw 73 of its levels.
You visited the Abyss 3 times.
You also visited: Ossuary and Gauntlet.

You collected 11529 gold pieces.
You spent 4263 gold pieces at shops.

Inventory:

Hand Weapons
 a - the +10 shortbow of Bodily Harmony {velocity, Int+4 Dex+3}
   (Okawaru gifted it to you on level 10 of the Dungeon)

   Any arrow fired from it inflicts extra damage.
   It affects your intelligence (+4).
   It affects your dexterity (+3).
 b - the +8 frozen axe "Frostbite" (weapon) {freezing cloud, *Noise +Fly rC+}
   (You found it on level 6 of the Lair of Beasts)

   It has been specially enchanted to freeze those struck by it, causing extra
   injury to most foes and up to half again as much damage against particularly
   susceptible opponents.
   It can also slow down cold-blooded creatures.
   It protects you from cold.
   It lets you fly.
   It may make noises in combat.
 p - the +7 longbow "Piercer" {penet, EV-2}
   (You found it on level 1 of the Shoals)

   Ammo fired by it will pass through the targets it hits, potentially hitting
   all targets in its path until it reaches maximum range.
   It affects your evasion (-2).
Missiles
 d - 515 arrows
Armour
 n - a +0 troll leather armour
 r - the -2 hat of the Alchemist (worn) {rElec rPois rF+ rC+ rN+ MR+ rMut rCorr}
   (You bought it in a shop on level 2 of the Orcish Mines)

   It protects you from fire.
   It protects you from cold.
   It insulates you from electricity.
   It protects you from poison.
   It protects you from negative energy.
   It affects your resistance to hostile enchantments.
   It provides partial protection from all sources of acid and corrosion.
   It protects you from mutation.
 y - a +0 pair of gloves of archery (worn)
 z - the +8 orange crystal plate armour (worn) {Archmagi, Int+3 Clar}
   (You found it on level 4 of the Depths)

   It affects your intelligence (+3).
   It protects you against confusion.
 E - the +2 cloak of the Thunderstorm (worn) {MR++ Int-3 SInv}
   (You bought it in a shop on level 9 of the Dungeon)

   It affects your intelligence (-3).
   It affects your resistance to hostile enchantments.
   It lets you see invisible.
 F - a +4 centaur barding of cold resistance (worn)
Jewellery
 o - the ring "Merosepucoj" (left hand) {rPois MR+ Slay+2 SInv}
   (You acquired it on level 1 of the Depths)

   [ring of protection from magic]

   It affects your accuracy and damage with ranged weapons and melee attacks
   (+2).
   It protects you from poison.
   It affects your resistance to hostile enchantments.
   It lets you see invisible.
 x - the ring of Icashipo {rF+++ rN+ Stlth-}
   (You took it off a skeletal warrior on level 3 of the Crypt)

   [ring of positive energy]

   It renders you almost immune to fire.
   It protects you from negative energy.
   It makes you less stealthy.
 K - the ring "Pichise" (right hand) {rN+ MP+9 Str+7 Dex+3}
   (You found it on level 3 of the Crypt)

   [ring of positive energy]

   It affects your strength (+7).
   It affects your dexterity (+3).
   It protects you from negative energy.
   It affects your magic capacity (+9).
 L - the ring "Vopy" {rElec rN+ MR+++ Int-5 Stlth+}
   (You bought it in a shop on level 4 of the Dungeon)

   [ring of positive energy]

   It affects your intelligence (-5).
   It insulates you from electricity.
   It protects you from negative energy.
   It affects your resistance to hostile enchantments.
   It makes you more stealthy.
 W - the macabre finger necklace (around neck) {rN+}
   (You took it off a deep elf sorcerer on level 3 of the Elven Halls)

   [amulet of nothing]

   It protects you from negative energy.
 Y - the ring of Nucoteu (on amulet) {*Drain +Inv +Fly Str-3 Slay+6 SInv}
   (You found it on level 3 of the Elven Halls)

   [ring of flight]

   It affects your strength (-3).
   It affects your accuracy and damage with ranged weapons and melee attacks
   (+6).
   It lets you see invisible.
   It lets you turn invisible.
   It lets you fly.
   It causes draining when unequipped.
Wands
 c - a wand of iceblast (37)
 e - a wand of acid (32)
 l - a wand of disintegration (120)
 s - a wand of digging (23)
 D - a wand of flame (149)
 U - a wand of clouds (13)
Scrolls
 m - 8 scrolls of fog
 u - 11 scrolls of teleportation
 v - 4 scrolls of magic mapping
 A - 2 scrolls of silence
 C - 21 scrolls of remove curse
 M - 18 scrolls of identify
 O - 6 scrolls of fear
 S - 2 scrolls of summoning
 X - a scroll of blinking
Potions
 g - 7 potions of might
 h - 23 potions of curing
 k - 4 potions of flight
 w - a potion of invisibility
 B - 2 potions of heal wounds
 G - 11 potions of haste
 N - 8 potions of cancellation
 T - a potion of resistance
 V - 4 potions of mutation
Miscellaneous
 j - 5 phantom mirrors
 q - a fan of gales
 J - the horn of Geryon
 P - 6 boxes of beasts
 Q - a phial of floods
 R - 9 sacks of spiders
Comestibles
 f - 72 rations


   Skills:
 O Level 27 Fighting
   Level 3.5(4.5) Short Blades
   Level 4.3(4.9) Long Blades
 * Level 22.1 Axes
 O Level 27 Bows
 + Level 24.9 Armour
 - Level 1.3 Dodging
 - Level 0.4 Stealth
 + Level 9.3 Spellcasting
 * Level 12.3 Charms
 + Level 5.8 Necromancy
 + Level 11.7 Invocations
 + Level 10.5 Evocations


You had 38 spell levels left.
You knew the following spells:

 Your Spells              Type           Power        Failure   Level  Hunger
a - Song of Slaying       Chrm           ###.....     1%          2    ##.....
b - Regeneration          Chrm/Necr      ###.......   11%         3    ###....
c - Apportation           Tloc           #.....       82%         1    #......

Your spell library contained the following spells:

 Spells                   Type           Power        Failure   Level  Hunger
 Infusion                 Chrm           ###.         1%          1    #......
 Animate Skeleton         Necr           N/A          14%         1    #......
 Shroud of Golubria       Chrm/Tloc      ##........   17%         2    ##.....
 Swiftness                Chrm/Air       ##......     17%         2    ##.....
 Corpse Rot               Necr           N/A          21%         2    ##.....
 Ozocubu's Armour         Chrm/Ice       ##......     34%         3    ###....
 Spectral Weapon          Hex/Chrm       ##......     34%         3    ###....
 Excruciating Wounds      Chrm/Necr      ###.......   69%         5    ######.
 Animate Dead             Necr           N/A          80%         4    #####..
 Beastly Appendage        Tmut           #.....       83%         1    #......
 Corona                   Hex            #......      83%         1    #......
 Flame Tongue             Conj/Fire      #....        83%         1    #......
 Freeze                   Ice            #...         83%         1    #......
 Magic Dart               Conj           #...         83%         1    #......
 Shock                    Conj/Air       #...         83%         1    #......
 Sting                    Conj/Pois      #...         83%         1    #......
 Summon Small Mammal      Summ           #...         83%         1    #......
 Blink                    Tloc           N/A          91%         2    ##.....
 Call Imp                 Summ           #.......     92%         2    ##.....
 Poisonous Vapours        Pois/Air       #.....       92%         2    ##.....
 Slow                     Hex            #.......     92%         2    ##.....
 Sticks to Snakes         Tmut           #.......     92%         2    ##.....
 Throw Flame              Conj/Fire      #.....       92%         2    ##.....
 Throw Frost              Conj/Ice       #.....       92%         2    ##.....
 Iskenderun's Battlesphe  Conj/Chrm      ##......     97%         5    ######.
 Call Canine Familiar     Summ           #.......     99%         3    ###....
 Confuse                  Hex            #.......     99%         3    ###....
 Conjure Flame            Conj/Fire      #.......     99%         3    ###....
 Inner Flame              Hex/Fire       #.......     99%         3    ###....
 Mephitic Cloud           Conj/Pois/Air  #.......     99%         3    ###....
 Portal Projectile        Hex/Tloc       #.....       99%         3    ###....
 Recall                   Summ/Tloc      N/A          99%         3    ###....
 Spider Form              Tmut/Pois      #.........   99%         3    ###....
 Static Discharge         Conj/Air       #.......     99%         3    ###....
 Summon Guardian Golem    Hex/Summ       #.......     99%         3    ###....
 Airstrike                Air            #.........   100%        4    #####..
 Cause Fear               Hex            #.........   100%        4    #####..
 Fulminant Prism          Conj/Hex       #.........   100%        4    #####..
 Ice Form                 Ice/Tmut       #.......     100%        4    #####..
 Leda's Liquefaction      Hex/Erth       #.........   100%        4    #####..
 Olgreb's Toxic Radiance  Pois           #.......     100%        4    #####..
 Passage of Golubria      Tloc           N/A          100%        4    #####..
 Sticky Flame             Conj/Fire      #.......     100%        4    #####..
 Summon Ice Beast         Ice/Summ       #.......     100%        4    #####..
 Summon Lightning Spire   Summ/Air       #.......     100%        4    #####..
 Throw Icicle             Conj/Ice       #.......     100%        4    #####..
 Alistair's Intoxication  Tmut/Pois      #.......     100%        5    ######.
 Blade Hands              Tmut           #.........   100%        5    ######.
 Bolt of Draining         Conj/Necr      #.........   100%        5    ######.
 Bolt of Magma            Conj/Fire/Erth #.........   100%        5    ######.
 Borgnjor's Vile Clutch   Necr/Erth      #.........   100%        5    ######.
 Fireball                 Conj/Fire      #.........   100%        5    ######.
 Irradiate                Conj/Tmut      #.........   100%        5    ######.
 Lightning Bolt           Conj/Air       #.........   100%        5    ######.
 Metabolic Englaciation   Hex/Ice        #.........   100%        5    ######.
 Silence                  Hex/Air        #.........   100%        5    ######.
 Venom Bolt               Conj/Pois      #.........   100%        5    ######.
 Yara's Violent Unravell  Hex/Tmut       #.........   100%        5    ######.
 Bolt of Cold             Conj/Ice       #.........   100%        6    #######
 Darkness                 Hex            #.........   100%        6    #######
 Death Channel            Necr           ##........   100%        6    #######
 Deflect Missiles         Chrm/Air       ##........   100%        6    #######
 Freezing Cloud           Conj/Ice/Air   #.........   100%        6    #######
 Hydra Form               Tmut           #.........   100%        6    #######
 Iron Shot                Conj/Erth      #.........   100%        6    #######
 Ozocubu's Refrigeration  Ice            #.........   100%        6    #######
 Simulacrum               Ice/Necr       #.........   100%        6    #######
 Statue Form              Tmut/Erth      #........    100%        6    #######
 Dragon Form              Tmut           #.........   100%        7    #######
 Haunt                    Necr/Summ      #.........   100%        7    #######
 Malign Gateway           Summ/Tloc      #.........   100%        7    #######
 Monstrous Menagerie      Summ           #.........   100%        7    #######
 Orb of Destruction       Conj           #.........   100%        7    #######
 Ring of Flames           Chrm/Fire      ##........   100%        7    #######
 Spellforged Servitor     Conj/Summ      #.........   100%        7    #######
 Summon Greater Demon     Summ           #.........   100%        7    #######
 Borgnjor's Revivificati  Necr           ##........   100%        8    #######
 Death's Door             Chrm/Necr      ###.......   100%        8    #######
 Ignition                 Fire           #.........   100%        8    #######
 Infestation              Necr           ##........   100%        8    #######
 Necromutation            Tmut/Necr      #.........   100%        8    #######
 Summon Horrible Things   Summ           #.........   100%        8    #######
 Shatter                  Erth           #.........   100%        9    #######
 Tornado                  Air            #.........   100%        9    #######


Dungeon Overview and Level Annotations

Branches:
Dungeon (15/15)            Temple (1/1) D:7            Lair (6/6) D:11
 Shoals (4/4) Lair:3       Spider (4/4) Lair:3        Slime (5/5) Lair:5
    Orc (2/2) D:9             Elf (3/3) Orc:2        Vaults (5/5) D:14
  Crypt (3/3) Vaults:3       Tomb (0/3) Crypt:3      Depths (5/5) D:15
   Hell (1/1)                 Dis (0/7) Hell            Geh (7/7) Hell
    Coc (7/7) Hell            Tar (5/7) Hell            Zot (0/5) Depths:5

Altars:
Ashenzari
Cheibriados
Dithmenos
Elyvilon
Fedhas
Gozag
Hepliaklqana
Kikubaaqudgha
Makhleb
Nemelex Xobeh
Okawaru
Qazlal
Ru
Sif Muna
Trog
Uskayaw
Vehumet
Wu Jian
Xom
Yredelemnul
Zin
The Shining One
Beogh
Jiyva

Shops:
D:4 =   D:6 ?   D:7 [(   D:9 (*[=   Orc:2 ([:??   Elf:1 (   Elf:3 [==
Shoals:4 !?%   Vaults:1 ([=   Vaults:2 =*[(   Vaults:3 **   Vaults:5 ?
Depths:5 [

Portals:
Hell: Depths:1 Depths:2 Depths:3 Depths:4 Depths:5
Abyss: Depths:3 Depths:4 Depths:5
Pandemonium: Depths:2 Depths:3 Depths:5
Ziggurat: Depths:4
Trove: Vaults:2 (give +2 shadow dragon scales)

Annotations:
D:8 Joseph
Elf:1 Fuonemn's ghost, veteran DDBe
Elf:2 3 runed translucent doors
Crypt:2 Sojobo
Geh:7 Asmodeus
Coc:7 Antaeus


Innate Abilities, Weirdness & Mutations

You have hooves in place of feet.
Armour fits poorly on your strangely shaped body.
You cover ground very quickly.
You have extremely tough skin. (AC +3)
You have a pair of small horns on your head.


Message History

You feel sick.
As you read the scroll of teleportation, it crumbles to dust.
You feel strangely unstable.
The reaper shouts, "Die, OdinFK!"
The Tzitzimitl calls on the powers of darkness!
Your body is wracked with pain!
* * * LOW HITPOINT WARNING * * *
The Tzitzimitl gestures at you.
The bolt of negative energy hits you but does no damage.
You resist.
Casting: Regeneration (safe; 11% risk of failure)
Confirm with . or Enter, or press ? or * to list all spells.
You feel a surge of power!
Your skin crawls.
You are feeling hungry.
You feel sick.
You are no longer poisoned.
The reaper whispers, "Time's up, OdinFK!"
You shiver with fear.
You convulse helplessly as pain tears through your body!
You die...

#### #^.# ##..###
....#.# ## ....#.#
#. ....#.# ##.###
...(((####+#...#.#
)†..#((........#.#
#####.........##@+
# ..#...(.....#.D#
..'...((...##..#
#+###...(...+.Z.+
+#...##.....##12.#
.##...###...'....#
..'.....#..##....#
..#..^..##.'....##
..##'#...#########


You could see a bone dragon, a Tzitzimitl, a reaper and a six-headed hydra
zombie.

Vanquished Creatures
  the Royal Jelly (Slime:5)
  the Serpent of Hell (Coc:7)
  3 ancient liches
  Mara (Vaults:2)
  2 juggernauts (Depths:2)
  A greater mummy (Crypt:3)
  The ghost of quaternion the Impregnable, a veteran MiFi of Makhleb (Vaults:4)
  Frederick (Depths:4)
  5 shard shrikes
  Bai Suzhen (Depths:2)
  Geryon (Hell)
  7 golden dragons
  The ghost of floatboth the Devastator, an adept HuWz of Vehumet (Vaults:3)
  2 profane servitors
  Nikola (Vaults:2)
  Jory (Vaults:3)
  33 Brimstone Fiends
  15 bone dragons
  10 Tzitzimimeh
  5 doom hounds
  A hellephant (Abyss:4)
  6 tentacled monstrosities
  17 liches
  14 Ice Fiends
  A deep elf blademaster (Elf:2)
  7 titans
  3 deep elf master archers (Elf:3)
  Gastronok (D:9)
  Asterion (Vaults:2)
  22 acid blobs
  2 Executioners
  An eldritch tentacle (Geh:3)
  2 ancient champions
  23 tentacled starspawn
  10 sphinxes
  9 shadow dragons
  10 tengu reavers
  Polyphemus (Shoals:2)
  Ilsuiw (Shoals:2)
  5 storm dragons
  13 azure jellies
  16 fire giants
  14 vault wardens
  3 revenants
  2 daevas
  9 frost giants
  11 deep elf sorcerers
  3 cacodemons
  6 iron dragons
  4 ghost moths
  16 balrugs
  3 curse skulls
  3 deep elf elementalists
  2 angels
  9 ironheart preservers
  4 emperor scorpions
  42 reapers
  A draconian annihilator (Depths:5)
  8 ghouls
  6 elemental wellsprings
  A spriggan defender (Depths:4)
  3 draconian shifters
  37 very ugly things
  2 war gargoyles (Vaults:5)
  3 entropy weavers
  An ophan (Abyss:1)
  2 green draconians (Depths:4)
  The ghost of Gioniom the Fighter, a journeyman FoEE of Vehumet (Lair:2)
  20 stone giants
  8 vampire knights
  11 deep elf demonologists
  65 starcursed masses
  5 black draconians
  2 purple draconians
  4 white draconians
  2 yellow draconians
  A dire elephant (D:15)
  A lorocyproca (Tar:3)
  10 deep elf annihilators
  9 spark wasps
  2 red draconians
  7 merfolk javelineers
  5 deep elf death magi
  16 ettins
  8 blizzard demons
  A minotaur (Gauntlet)
  Snorg (Lair:6)
  11 eidola
  The ghost of strelocc the Blocker, a journeyman FoFi of Ashenzari (D:12)
  2 crystal guardians (Vaults:3)
  8 fire dragons
  12 ogre magi
  3 merfolk impalers
  A kraken zombie (Hell)
  9 jiangshi
  2 green deaths
  7 death oozes (Slime:5)
  13 yaktaur captains
  9 quicksilver dragon zombies
  27 great orbs of eyes
  Fannar (D:11)
  31 ice dragons
  8 deep elf high priests
  30 vault guards
  Harold (D:11)
  10 quicksilver dragon skeletons
  Erolcha (Orc:2)
  16 rakshasas
  18 two-headed ogres
  A merfolk avatar (Shoals:3)
  5 hydras
  2 catoblepae
  Erica (D:11)
  5 merfolk aquamancers
  6 death knights
  13 centaur warriors
  A naga warrior (Abyss:3)
  A queen ant (Spider:1)
  7 spriggan air magi
  23 dancing weapons
  2 satyrs
  7 deep troll earth magi
  7 vampire magi
  9 tengu warriors
  8 death yaks
  7 deep troll shamans
  40 hell hogs
  37 thrashing horrors
  Urug (D:11)
  10 titan zombies
  61 hell knights
  4 spriggan berserkers
  An iron golem (Geh:7)
  Nergalle (Orc:1)
  18 sun demons
  17 deep elf knights
  24 wretched stars
  5 storm dragon zombies
  Sonja (Lair:4)
  12 soul eaters
  76 skeletal warriors
  6 sea snakes
  A fire crab (shapeshifter) (Abyss:3)
  An iron troll (Depths:2)
  7 titan skeletons
  3 shadow wraiths
  6 sixfirhies
  3 unseen horrors
  4 spatial maelstroms
  6 anaconda zombies
  16 deep trolls
  A golden dragon zombie (Geh:3)
  4 storm dragon skeletons
  2 ghost moth zombies
  5 shadow demons
  2 death drakes
  19 deep elf archers
  4 glowing orange brains
  10 orc knights
  3 obsidian statues
  16 ironbrand convokers
  14 flayed ghosts
  30 phantasmal warriors
  10 shadow dragon zombies
  2 tengu zombies
  12 anaconda skeletons
  23 necromancers
  5 wizards
  A sphinx zombie (Vaults:3)
  29 harpies
  3 golden dragon skeletons
  2 harpies (shapeshifter)
  8 iron dragon zombies
  14 orc sorcerers
  67 deep elf magi
  16 orb spiders
  24 wolf spider zombies
  An orb spider (shapeshifter) (Vaults:4)
  41 ugly things
  5 fire giant zombies
  10 fauns
  6 shadow dragon skeletons
  9 frost giant zombies
  2 oklob plants (Lair:5)
  2 salamanders
  49 wolf spiders
  16 cyclopes
  8 worldbinders (Abyss:3)
  2 shining eyes (Slime:5)
  7 stone giant zombies
  3 moths of wrath
  13 manticores
  11 stone giant skeletons
  A guardian serpent (Abyss:3)
  7 iron dragon skeletons
  9 elephants (Lair:6)
  8 fire giant skeletons
  5 frost giant skeletons
  11 merfolk sirens
  A torpor snail (Lair:5)
  A guardian serpent (shapeshifter) (Abyss:3)
  7 water nymphs
  2 shock serpent skeletons
  4 apocalypse crabs (Abyss:3)
  A black mamba (Lair:3)
  A rust devil (Geh:2)
  13 vault sentinels
  An eye of devastation (Slime:5)
  3 ice statues
  A black mamba (shapeshifter) (Abyss:3)
  4 gargoyles
  2 shock serpent zombies
  8 dire elephant zombies
  18 molten gargoyles
  5 dire elephant skeletons
  Maurice (D:8)
  18 smoke demons
  12 orange demons
  3 catoblepas zombies
  6 centaur skeletons
  2 emperor scorpion zombies
  25 spiny frogs
  16 efreet
  26 hellions
  7 rime drakes
  5 komodo dragons
  35 freezing wraiths
  A purple draconian zombie (Geh:7)
  3 hellwings
  3 anaconda simulacra
  40 yaktaurs
  35 tormentors
  2 guardian mummies (Crypt:3)
  A kobold demonologist (D:14)
  3 redback zombies
  8 hydra zombies
  A white draconian skeleton (Crypt:1)
  24 ice devils
  15 ancient zymes
  A catoblepas skeleton (Abyss:3)
  12 demonic crawlers
  2 silent spectres
  A minotaur skeleton (Crypt:2)
  3 harpy zombies
  A golden dragon simulacrum (Tar:2)
  A jumping spider (shapeshifter) (Elf:2)
  9 trolls
  33 red devils
  4 tengu conjurers
  22 merfolk
  A meliai (shapeshifter) (Depths:2)
  44 jumping spiders
  A moth of wrath zombie (Crypt:2)
  4 tyrant leeches (Lair:6)
  6 wind drakes
  A wind drake (shapeshifter) (Depths:4)
  2 polar bears (D:10)
  A bog body (Crypt:2)
  7 ice dragon zombies
  8 hydra skeletons
  2 polar bears (shapeshifter)
  5 hornets
  84 slime creatures
  15 dream sheep
  6 harpy skeletons
  2 raiju (shapeshifter)
  A shadow dragon simulacrum (Coc:6)
  13 ettin zombies
  A jumping spider zombie (Crypt:2)
  15 hippogriffs
  12 alligator zombies
  A frost giant simulacrum (Hell)
  8 snapping turtles
  A stone giant simulacrum (Coc:1)
  8 tarantella zombies (Spider:1)
  55 raiju
  An iron dragon simulacrum (Coc:2)
  A snapping turtle (shapeshifter) (Depths:4)
  6 fire dragon zombies
  46 small abominations
  39 blink frogs
  48 large abominations
  3 fire dragon skeletons
  89 redbacks
  2 spriggans (shapeshifter)
  105 flying skulls
  27 shadows
  24 tarantellas
  9 ettin skeletons
  A shapeshifter (Depths:1)
  2 tarantellas (shapeshifter)
  6 wyverns
  2 black mamba zombies
  29 water elementals
  3 air elementals
  11 ice dragon skeletons
  52 wraiths
  18 ynoxinuls
  2 black mamba skeletons
  38 fire elementals
  A hog (shapeshifter) (Vaults:5)
  A spriggan (Depths:2)
  4 vampires
  An ushabti (Crypt:3)
  2 redbacks (shapeshifter) (Vaults:5)
  4 alligator skeletons
  2 basilisks
  10 fire bats
  Grum (Lair:1)
  49 yaks
  9 hungry ghosts
  15 golden eyes
  8 vampire mosquitoes
  11 neqoxecs
  9 spatial vortices
  12 chaos spawn
  Menkaure (Ossuary)
  A naga (Abyss:3)
  3 wargs
  24 soldier ants (Spider:1)
  8 insubstantial wisps (Abyss:3)
  A faun zombie (Crypt:1)
  An orb spider zombie (Crypt:2)
  18 water moccasins
  2 floating eyes
  11 spiny frog zombies
  6 porcupines
  A hydra simulacrum (Hell)
  31 orc warriors
  80 hell hounds
  A merfolk skeleton (Geh:4)
  7 snapping turtle zombies
  A dream sheep zombie (Crypt:1)
  A meliai simulacrum (D:15)
  3 black bears
  3 sky beasts
  A swamp dragon zombie (Coc:5)
  16 ice beasts
  An alligator simulacrum (Coc:7)
  An ettin simulacrum (Crypt:1)
  A fire dragon simulacrum (Crypt:1)
  44 ogres
  4 spiny frog skeletons
  10 phantoms
  8 eyes of draining
  5 human zombies
  28 necrophages
  2 eyes of draining (shapeshifter)
  A manticore zombie (Geh:7)
  18 wolves
  12 boggarts
  2 manticore skeletons
  25 centaurs
  2 swamp dragon skeletons
  12 crocodiles
  8 snapping turtle skeletons
  An elf zombie (Crypt:3)
  A gnoll sergeant (D:7)
  21 bullfrogs
  8 big kobolds
  An elf skeleton (Crypt:2)
  A spiny frog simulacrum (Hell)
  7 earth elementals
  5 scorpions
  2 spriggan zombies
  8 wyvern skeletons
  2 water moccasin skeletons
  18 killer bees
  90 wights
  5 electric eels
  4 spriggan skeletons
  5 jellies
  9 howler monkeys
  3 centaur zombies
  16 crimson imps
  A wolf skeleton (Crypt:1)
  5 quasits
  A bullfrog zombie (D:13)
  4 hounds
  22 orc priests
  8 iron imps
  Jessica (D:3)
  A human skeleton (Coc:1)
  3 iguanas
  12 hell rats
  46 orc wizards
  29 worker ants
  A troll simulacrum (Abyss:3)
  A dwarf zombie (Crypt:2)
  2 naga zombies (Geh:7)
  A bullfrog simulacrum (D:10)
  2 centaur simulacra
  An ogre zombie (Coc:4)
  An acid dragon zombie (Crypt:1)
  An ogre skeleton (Tar:1)
  2 naga skeletons
  A hound skeleton (D:6)
  6 mummies
  A worker ant zombie (D:7)
  8 gnolls
  22 adders
  15 shadow imps
  27 white imps
  8 ufetubi
  2 oozes
  3 adder zombies
  An adder skeleton (D:9)
  A lava snake skeleton (Crypt:1)
  5 worms
  2 dart slugs
  3 leopard geckos
  114 orcs
  7 bats
  7 giant cockroaches
  3 gnoll zombies (Ossuary)
  9 goblins
  7 hobgoblins
  4 jackals
  3 quokkas
  4 ball pythons
  3 frilled lizards
  5 gnoll skeletons (Ossuary)
  3 goblin skeletons (Ossuary)
  6 goblin zombies (Ossuary)
  5 hobgoblin skeletons (Ossuary)
  3 hobgoblin zombies (Ossuary)
  17 kobolds
  2 kobold zombies
  A leopard gecko zombie (D:5)
  4 orc skeletons (Ossuary)
  6 orc zombies
  3 quokka zombies
  8 rats
  4 rat skeletons (Ossuary)
  7 rat zombies (Ossuary)
  A bush (D:11)
  5 fire vortices
  A fungus (Lair:6)
  2 lurking horrors (Abyss:3)
  3 plants
  43 starspawn tentacles
  2 tentacles (Hell)
  6 withered plants (Crypt:3)
4492 creatures vanquished.

Vanquished Creatures (others)
  4 eldritch tentacles
  A blizzard demon (Coc:7)
  A dancing weapon (Elf:3)
  3 hell hogs
  A sun demon (Geh:7)
  A deep elf knight (Elf:3)
  A deep elf archer (Elf:3)
  A yaktaur (Vaults:5)
  2 ettin zombies (Geh:7)
  3 wraiths
  A golden eye (Abyss:3)
  A human (Depths:3)
  A starcursed mass (Abyss:3)
  A necrophage (Geh:7)
  A wight (Geh:4)
  An adder (Lair:2)
  2 goblin skeletons (Ossuary)
  2 orc skeletons (Ossuary)
  A fire vortex (Geh:1)
  23 fungi
  2 lurking horrors
  53 plants
  36 starspawn tentacles
  9 tentacles (Hell)
  A withered plant (Crypt:3)
153 creatures vanquished.

Grand Total: 4645 creatures vanquished

Notes
Turn   | Place    | Note
-------+----------+-------------------------------------------
     0 | D:1      | OdinFK the Centaur Hunter began the quest for the Orb.
     0 | D:1      | Reached XP level 1. HP: 17/17 MP: 1/1
   791 | D:2      | Reached XP level 2. HP: 24/24 MP: 2/2
  1071 | D:1      | Reached XP level 3. HP: 23/30 MP: 3/3
  1848 | D:3      | Reached XP level 4. HP: 36/37 MP: 4/4
  2042 | D:3      | Noticed Jessica
  2043 | D:3      | Killed Jessica
  2186 | D:3      | Found an opulent altar of Gozag.
  2421 | D:3      | Found a white marble altar of Elyvilon.
  2476 | D:2      | Reached XP level 5. HP: 29/42 MP: 5/5
  3008 | D:3      | Reached XP level 6. HP: 44/50 MP: 6/6
  3499 | D:4      | Found Oboirph's Jewellery Shop.
  3562 | D:4      | Found a snail-covered altar of Cheibriados.
  4162 | D:4      | Reached skill level 10 in Bows
  4162 | D:4      | Reached skill level 1 in Armour
  4162 | D:4      | Reached XP level 7. HP: 21/57 MP: 7/7
  4769 | D:5      | Entered Level 5 of the Dungeon
  5047 | D:5      | Found a bloodstained altar of Trog.
  5419 | D:5      | Found a stormy altar of Qazlal.
  5678 | D:5      | Found a hazy altar of Hepliaklqana.
  5931 | D:5      | Reached skill level 1 in Short Blades
  6199 | D:6      | Found a basalt altar of Yredelemnul.
  6222 | D:6      | Found a shimmering altar of Xom.
  6242 | D:6      | Reached XP level 8. HP: 61/63 MP: 8/8
  6335 | D:6      | Got an ichor-stained ring mail
  6346 | D:6      | Identified the cursed +0 ring mail of Baldness {Int+4} (You
                  | found it on level 6 of the Dungeon)
  6356 | D:6      | Found Kajueh's Magic Scroll Emporium.
  6715 | D:6      | Bought a scroll of teleportation for 30 gold pieces
  6715 | D:6      | Bought a scroll of identify for 20 gold pieces
  6715 | D:6      | Bought a scroll of identify for 20 gold pieces
  7123 | D:6      | Found a radiant altar of Vehumet.
  7264 | D:7      | Found a sand-covered staircase.
  7268 | D:7      | Found Luor's Armour Shop.
  7287 | Ossuary  | Entered an ossuary
  7701 | Ossuary  | Noticed Menkaure
  7845 | Ossuary  | Killed Menkaure
  8211 | D:7      | Found a staircase to the Ecumenical Temple.
  8220 | Temple   | Entered the Ecumenical Temple
  8354 | D:7      | Found a blossoming altar of Fedhas.
  8412 | D:7      | Found a shadowy altar of Dithmenos.
  8482 | D:7      | Found Azatebeu's Weapon Shop.
  8540 | D:7      | Found an iron altar of Okawaru.
  8546 | D:7      | Became a worshipper of Warmaster Okawaru
  9193 | D:7      | Noticed a hippogriff
  9238 | D:7      | Killed a hippogriff
  9238 | D:7      | Reached XP level 9. HP: 52/72 MP: 9/9
  9353 | D:7      | Reached * piety under Okawaru
  9795 | D:7      | Found a shattered altar of Ashenzari.
 10115 | D:8      | Reached skill level 5 in Fighting
 10247 | D:8      | Reached ** piety under Okawaru
 10257 | D:8      | Noticed a two-headed ogre
 10296 | D:8      | Killed a two-headed ogre
 10296 | D:8      | Reached skill level 15 in Bows
 10310 | D:8      | Reached XP level 10. HP: 83/83 MP: 8/10
 10438 | D:8      | Noticed Joseph
 10469 | D:8      | Noticed Maurice
 10495 | D:8      | Killed Maurice
 10495 | D:8      | Reached *** piety under Okawaru
 11092 | D:9      | Noticed a two-headed ogre
 11111 | D:9      | Killed a two-headed ogre
 11111 | D:9      | Received a gift from Okawaru
 11184 | D:8      | Reached skill level 1 in Invocations
 11867 | D:9      | Noticed Gastronok
 11947 | D:9      | Found Dizumeno's Jewellery Emporium.
 11966 | D:9      | Reached **** piety under Okawaru
 11970 | D:9      | Reached skill level 1 in Evocations
 11986 | D:9      | Received a gift from Okawaru
 12311 | D:8      | Reached skill level 1 in Long Blades
 12473 | D:9      | Found Jesosoc's Antique Weapon Emporium.
 12723 | D:9      | Found Atrul's Antique Armour Shop.
 12726 | D:9      | Found Xyefoath's General Store.
 12826 | D:9      | Found a staircase to the Orcish Mines.
 12848 | D:9      | Bought a +1 longbow of velocity for 164 gold pieces
 13035 | D:8      | Received a gift from Okawaru
 13274 | D:9      | Killed Gastronok
 13274 | D:9      | Received a gift from Okawaru
 13274 | D:9      | Reached ***** piety under Okawaru
 13274 | D:9      | Reached XP level 11. HP: 72/92 MP: 11/13
 13457 | D:10     | Entered Level 10 of the Dungeon
 13651 | D:10     | Received a gift from Okawaru
 15226 | D:10     | Found a glowing golden altar of the Shining One.
 15318 | D:10     | Received a gift from Okawaru
 15321 | D:10     | Got a transparent shortbow {god gift}
 15449 | D:10     | Reached skill level 5 in Armour
 15719 | D:11     | Noticed Urug
 15731 | D:11     | Killed Urug
 15793 | D:11     | Noticed Harold
 15824 | D:11     | Noticed a two-headed ogre
 15847 | D:11     | Killed a two-headed ogre
 16346 | D:11     | Noticed Erica
 16356 | D:11     | Received a gift from Okawaru
 16356 | D:11     | Reached XP level 12. HP: 103/103 MP: 14/14
 16429 | D:11     | Killed Erica
 16639 | D:11     | Noticed Fannar
 16911 | D:11     | Killed Fannar
 17096 | D:11     | Killed Harold
 17528 | D:11     | Found a staircase to the Lair.
 17690 | D:11     | Identified the +10 shortbow of Bodily Harmony {velocity,
                  | Int+4 Dex+3} (Okawaru gifted it to you on level 10 of the
                  | Dungeon)
 17721 | Lair:1   | Entered Level 1 of the Lair of Beasts
 17969 | Lair:1   | Noticed Grum
 18022 | Lair:1   | Killed Grum
 18134 | Lair:1   | Noticed a six-headed hydra
 18147 | Lair:1   | Killed a six-headed hydra
 18603 | Lair:2   | Found a runed translucent door.
 18603 | Lair:2   | Noticed Gioniom's ghost (journeyman FoEE)
 18701 | Lair:2   | Received a gift from Okawaru
 19127 | Lair:2   | Received a gift from Okawaru
 19358 | Lair:2   | Reached skill level 10 in Fighting
 19579 | Lair:2   | Reached XP level 13. HP: 113/113 MP: 15/15
 19651 | Lair:3   | Reached ****** piety under Okawaru
 19651 | Lair:3   | Received a gift from Okawaru
 19744 | Lair:3   | Found a gate leading to a gauntlet.
 19753 | Gauntlet | Entered a Gauntlet
 19753 | Gauntlet | Found a transporter.
 19762 | Gauntlet | Found a transporter.
 19777 | Gauntlet | Found a transporter.
 19782 | Gauntlet | Found a transporter.
 19797 | Gauntlet | Found a transporter.
 19816 | Gauntlet | Found a transporter.
 19824 | Gauntlet | Found a large runed translucent door.
 19825 | Gauntlet | Found a large runed translucent door.
 19826 | Gauntlet | Found a large runed translucent door.
 19826 | Gauntlet | Found a large runed translucent door.
 19827 | Gauntlet | Found a runed translucent gate.
 19828 | Gauntlet | Found a transporter.
 19828 | Gauntlet | Found a runed translucent gate.
 19829 | Gauntlet | Found a runed translucent gate.
 19830 | Gauntlet | Found a large runed translucent door.
 19830 | Gauntlet | Found a large runed translucent door.
 19830 | Gauntlet | Found a runed translucent door.
 19830 | Gauntlet | Found a runed translucent door.
 19831 | Gauntlet | Found a large runed translucent door.
 19832 | Gauntlet | Found a large runed translucent door.
 19834 | Gauntlet | Found a transporter.
 19839 | Gauntlet | Found a large runed translucent door.
 19839 | Gauntlet | Found a large runed translucent door.
 19840 | Gauntlet | Found a large runed translucent door.
 19841 | Gauntlet | Found a large runed translucent door.
 19851 | Gauntlet | Found a large runed translucent door.
 19851 | Gauntlet | Found a large runed translucent door.
 19852 | Gauntlet | Found a large runed translucent door.
 19853 | Gauntlet | Found a large runed translucent door.
 19857 | Gauntlet | Found a transporter.
 19865 | Gauntlet | Found a transporter.
 19870 | Gauntlet | Noticed a death ooze
 19874 | Gauntlet | Found a transporter.
 19886 | Gauntlet | Found a transporter.
 19892 | Gauntlet | Found a transporter.
 19892 | Gauntlet | Found a transporter.
 19931 | Gauntlet | Found a transporter.
 19958 | Gauntlet | Found a transporter.
 19958 | Gauntlet | Found a transporter.
 20001 | Gauntlet | Found a transporter.
 20087 | Gauntlet | Got a crude bronze ring
 20123 | Gauntlet | Identified the ring "Deujakye" {Wiz Slay+2} (You found it
                  | in a Gauntlet)
 20298 | Gauntlet | Received a gift from Okawaru
 20698 | Gauntlet | Identified the cursed +1 halberd of the Lamprey {chop,
                  | Str+2}
 20698 | Gauntlet | Noticed a minotaur
 20702 | Gauntlet | Killed a minotaur
 20928 | Lair:3   | Found a hole to the Spider Nest.
 21144 | Lair:3   | Found a staircase to the Shoals.
 21539 | Lair:4   | Noticed Sonja
 21540 | Lair:4   | Paralysed by Sonja for 4 turns
 21546 | Lair:4   | Killed Sonja
 22641 | Lair:5   | Reached skill level 5 in Invocations
 22748 | Lair:5   | You fall through a shaft!
 22748 | Lair:6   | Entered Level 6 of the Lair of Beasts
 22769 | Lair:5   | Received a gift from Okawaru
 22877 | Lair:5   | Received a gift from Okawaru
 23010 | Lair:5   | Reached XP level 14. HP: 105/125 MP: 17/17
 23178 | Lair:5   | Received a gift from Okawaru
 23212 | Lair:5   | Found a staircase to the Slime Pits.
 23213 | Lair:5   | Found a viscous altar of Jiyva.
 23305 | Lair:6   | Noticed Snorg
 23311 | Lair:6   | Killed Snorg
 23449 | Lair:5   | Received a gift from Okawaru
 23700 | Lair:6   | Received a gift from Okawaru
 24115 | Lair:6   | Received a gift from Okawaru
 24441 | Lair:6   | Received a gift from Okawaru
 24758 | Lair:6   | Found the +8 frozen axe "Frostbite" {freezing cloud, *Noise
                  | +Fly rC+}
 25063 | D:12     | Received a gift from Okawaru
 25566 | D:12     | Found a white marble altar of Elyvilon.
 25627 | D:12     | Found a transporter.
 25659 | D:12     | Found a transporter.
 25666 | D:12     | Found a bloodstained altar of Trog.
 25666 | D:12     | Noticed strelocc's ghost (journeyman FoFi)
 25669 | D:12     | Identified the +5 great sword "Haleastru" {speed, +Inv MR+
                  | Str+3}
 26178 | D:9      | Bought a faintly humming chain mail for 228 gold pieces
 26178 | D:9      | Bought a faintly glowing cloak for 228 gold pieces
 26189 | D:9      | Identified the cursed +0 chain mail of Salvation {rF+ Str+3
                  | Int-3 Dex+6} (You bought it in a shop on level 9 of the
                  | Dungeon)
 26199 | D:9      | Identified the +2 cloak of the Thunderstorm {MR++ Int-3
                  | SInv} (You bought it in a shop on level 9 of the Dungeon)
 26287 | D:13     | Reached XP level 15. HP: 108/136 MP: 18/18
 26424 | D:13     | Received a gift from Okawaru
 26618 | D:13     | Received a gift from Okawaru
 26621 | D:13     | Got a brightly glowing plate armour {god gift}
 26633 | D:13     | Identified the +0 plate armour of the Will of the Gods
                  | {Str+7} (Okawaru gifted it to you on level 13 of the
                  | Dungeon)
 26747 | D:14     | Found a gate to the Vaults.
 27744 | D:14     | Identified 2 scrolls of acquirement
 27988 | D:14     | Identified the Volume of the Oath and Slavery
 28132 | D:15     | Entered Level 15 of the Dungeon
 28244 | D:15     | Received a gift from Okawaru
 28669 | D:15     | Found a staircase to the Depths.
 28700 | D:15     | Received a gift from Okawaru
 29040 | D:15     | Reached skill level 15 in Fighting
 29502 | D:4      | Bought the ring "Vopy" {rElec rN+ MR+++ Int-5 Stlth+} for
                  | 412 gold pieces
 29773 | Spider:1 | Entered Level 1 of the Spider Nest
 29902 | Spider:1 | Reached XP level 16. HP: 149/149 MP: 20/20
 30063 | Spider:1 | Got a dazzling hand axe
 30064 | Spider:1 | Identified the +2 hand axe of Aryotol {chop, rC+ Dex+2}
                  | (You found it on level 1 of the Spider Nest)
 30576 | Shoals:1 | Entered Level 1 of the Shoals
 31141 | Shoals:1 | Found the +7 longbow "Piercer" {penet, EV-2}
 31573 | Shoals:1 | Received a gift from Okawaru
 31920 | Shoals:2 | Noticed Ilsuiw
 32070 | Shoals:2 | Noticed Polyphemus
 33110 | Shoals:2 | Killed Ilsuiw
 33940 | Shoals:2 | Killed Polyphemus
 34172 | Shoals:3 | Received a gift from Okawaru
 34834 | Shoals:3 | Reached XP level 17. HP: 159/159 MP: 22/22
 35159 | Shoals:4 | Entered Level 4 of the Shoals
 35159 | Shoals:4 | Found Davelose's Distillery.
 35168 | Shoals:4 | Bought a potion of heal wounds for 75 gold pieces
 35168 | Shoals:4 | Bought a potion of experience for 750 gold pieces
 35168 | Shoals:4 | Bought a potion of heal wounds for 75 gold pieces
 35174 | Shoals:4 | Reached XP level 18. HP: 163/168 MP: 23/23
 35271 | Shoals:4 | Found Enueduine's Magic Scroll Boutique.
 35301 | Shoals:4 | Bought a scroll of blinking for 157 gold pieces
 35741 | Shoals:4 | Received a gift from Okawaru
 35850 | Shoals:4 | Got a barnacled rune of Zot
 36512 | Shoals:4 | Found Duzisimm's Food Shop.
 36526 | Shoals:4 | Identified the Reference Book on the Volcanoes and
                  | Enhancements
 36872 | Lair:2   | Killed Gioniom's ghost
 37347 | Spider:2 | Reached skill level 10 in Armour
 38250 | Spider:1 | Received a gift from Okawaru
 40203 | Spider:3 | Reached XP level 19. HP: 179/179 MP: 15/24
 40725 | Spider:4 | Entered Level 4 of the Spider Nest
 40977 | Spider:4 | Received a gift from Okawaru
 41635 | Spider:4 | Received a gift from Okawaru
 41909 | Spider:4 | Received a gift from Okawaru
 42038 | Spider:4 | Got a gossamer rune of Zot
 42379 | Orc:1    | Entered Level 1 of the Orcish Mines
 42409 | Orc:2    | Entered Level 2 of the Orcish Mines
 42409 | Orc:2    | Found Ymmoalouso's Antique Weapon Shop.
 42465 | Orc:1    | Noticed Nergalle
 42469 | Orc:1    | Killed Nergalle
 43121 | Orc:2    | Found Woasaaj's Antique Armour Boutique.
 43138 | Orc:2    | Found Konecumu's Magic Scroll Shop.
 43192 | Orc:2    | Found an ancient bone altar of Kikubaaqudgha.
 43217 | Orc:2    | Found Ydghae's Magic Scroll Boutique.
 43229 | Orc:2    | Found a radiant altar of Vehumet.
 43229 | Orc:2    | Noticed Erolcha
 43234 | Orc:2    | Killed Erolcha
 43291 | Orc:2    | Found a roughly hewn altar of Beogh.
 43306 | Orc:2    | Found Xutag's Book Shop.
 43635 | Orc:2    | Found a burning altar of Makhleb.
 43642 | Orc:2    | Found a staircase to the Elven Halls.
 43811 | Elf:1    | Entered Level 1 of the Elven Halls
 44028 | Elf:1    | Found an ancient bone altar of Kikubaaqudgha.
 44612 | Elf:1    | Reached skill level 27 in Bows
 44692 | Elf:1    | Found a runed translucent gate.
 44693 | Elf:1    | Found a runed translucent gate.
 44694 | Elf:1    | Found a runed translucent gate.
 44695 | Elf:1    | Found an opulent altar of Gozag.
 44724 | Elf:1    | Noticed Fuonemn's ghost (veteran DDBe)
 44767 | Elf:1    | Found Juanwaf's Weapon Boutique.
 45468 | Elf:1    | Received a gift from Okawaru
 45488 | Elf:1    | Got a crude ring mail {god gift}
 45499 | Elf:1    | Identified the +1 ring mail of Carghamm {MR++} (Okawaru
                  | gifted it to you on level 1 of the Elven Halls)
 46086 | Elf:2    | Noticed a Brimstone Fiend
 46730 | Elf:2    | Reached XP level 20. HP: 170/191 MP: 25/25
 46847 | Elf:2    | Found a runed translucent gate.
 46847 | Elf:2    | Found a runed translucent gate.
 46847 | Elf:2    | Found a runed translucent gate.
 46953 | Elf:2    | Found a deep blue altar of Sif Muna.
 47121 | Orc:2    | Bought the -2 hat of the Alchemist {rElec rPois rF+ rC+ rN+
                  | MR+ rMut rCorr} for 1274 gold pieces
 47121 | Orc:2    | Found the -2 hat of the Alchemist {rElec rPois rF+ rC+ rN+
                  | MR+ rMut rCorr}
 47247 | Elf:3    | Entered Level 3 of the Elven Halls
 47860 | Elf:3    | Found Fazib's Jewellery Shoppe.
 47862 | Elf:3    | Found Xiet's Jewellery Emporium.
 47864 | Elf:3    | Found Tadgh's Antique Armour Shoppe.
 47877 | Elf:3    | Found a flickering gateway to a bazaar.
 48927 | Elf:3    | Received a gift from Okawaru
 48930 | Elf:3    | Got an encrusted hat {god gift}
 48944 | Elf:3    | Identified the +0 hat "Nongemoij" {Dex-2 Slay+3 SInv
                  | Stlth+} (Okawaru gifted it to you on level 3 of the Elven
                  | Halls)
 49116 | Elf:3    | Identified the +3 scale mail of Walirhot {Str+4 Dex+3}
 49154 | Elf:3    | Identified the +3 leather armour of Death's Door {Stlth+}
 49588 | Elf:3    | Identified the +7 ice dragon scales of Undesirable Species
                  | {-Tele rF- rC++ rN+ Int+3 Dex+4}
 49588 | Elf:3    | Identified the ring "Ruvuagaawa" {rN++ SInv}
 49967 | Elf:3    | Identified the +6 short sword of Trog's Condemnation
                  | {freeze, rPois Dex+5}
 49967 | Elf:3    | Identified the amulet "Ximasuor" {*Slow rElec rPois rN+
                  | Regen+ Dex+3}
 50001 | Elf:3    | Got a slimy silver ring
 50002 | Elf:3    | Identified the ring of Nucoteu {*Drain +Inv +Fly Str-3
                  | Slay+6 SInv} (You found it on level 3 of the Elven Halls)
 50054 | Elf:3    | Got a fine turquoise ring
 50055 | Elf:3    | Identified the ring "Qucke" {MR+ Str+4} (You found it on
                  | level 3 of the Elven Halls)
 50095 | Elf:3    | Identified Weihil's Beginning Course on the Arcane Arts
 50547 | Vaults:1 | Entered Level 1 of the Vaults
 51176 | Vaults:1 | Found Uwko's Armour Emporium.
 51308 | Vaults:1 | Received a gift from Okawaru
 51340 | Vaults:1 | Found Ycehyeliv's Jewellery Boutique.
 51939 | Vaults:1 | Found Tenohin's Weapon Emporium.
 51943 | Vaults:1 | Reached XP level 21. HP: 188/206 MP: 26/26
 51962 | Vaults:1 | Received a gift from Okawaru
 51969 | Vaults:1 | Got a fine centaur barding {god gift}
 51980 | Vaults:1 | Identified the +0 centaur barding of Guxeox {rPois rC+++
                  | Regen+ Slay-6} (Okawaru gifted it to you on level 1 of the
                  | Vaults)
 52408 | Vaults:2 | Noticed Mara
 52417 | Vaults:2 | Noticed OdinFK's illusion
 52423 | Vaults:2 | Killed Mara
 52482 | Vaults:2 | Found Futsaesma's Jewellery Emporium.
 52673 | Vaults:2 | Found Wicax's Armour Emporium.
 52774 | Vaults:2 | Noticed Nikola
 52783 | Vaults:2 | Killed Nikola
 52867 | Vaults:2 | Noticed Asterion
 52878 | Vaults:2 | Killed Asterion
 53476 | Vaults:2 | Found a portal to a secret trove of treasure.
 53484 | Vaults:2 | Found Ciguv's Assorted Antiques.
 53978 | Vaults:2 | Found Lahoar's Weapon Shoppe.
 54250 | Vaults:3 | Reached skill level 5 in Evocations
 54818 | Vaults:3 | Noticed Jory
 54850 | Vaults:3 | Killed Jory
 54850 | Vaults:3 | Received a gift from Okawaru
 55084 | Vaults:3 | Found a runed translucent gate.
 55084 | Vaults:3 | Found a runed translucent gate.
 55084 | Vaults:3 | Found an opulent altar of Gozag.
 55084 | Vaults:3 | Found Jilon's Assorted Antiques.
 55097 | Vaults:3 | Found a runed translucent gate.
 55103 | Vaults:3 | Noticed floatboth's ghost (adept HuWz)
 55233 | Vaults:3 | Found a staircase to the Crypt.
 55321 | Vaults:3 | Found Qory's Assorted Antiques.
 55414 | Vaults:3 | Received a gift from Okawaru
 56467 | Vaults:4 | Found a runed translucent gate.
 56467 | Vaults:4 | Found a runed translucent gate.
 56467 | Vaults:4 | Found a runed translucent gate.
 56639 | Vaults:4 | Noticed quaternion's ghost (veteran MiFi)
 57035 | Vaults:4 | Reached XP level 22. HP: 222/222 MP: 28/28
 57141 | Vaults:4 | Received a gift from Okawaru
 57860 | D:12     | Killed strelocc's ghost
 57875 | D:12     | Received a gift from Okawaru
 57889 | D:12     | Identified the Volume of Enthralling Poisoning
 58029 | Depths:1 | Entered Level 1 of the Depths
 58400 | Depths:1 | Identified the +4 broad axe "Iwergh" {vamp, Dex+4}
 58766 | Depths:1 | Got a faintly glowing bone ring
 58767 | Depths:1 | Identified the ring "Merosepucoj" {rPois MR+ Slay+2 SInv}
                  | (You acquired it on level 1 of the Depths)
 59382 | Depths:1 | Found the +2 cloak of the Thief {+Fog Slay-2 SInv Stlth+}
 59389 | Depths:1 | Identified Nohomm's Compendium of Intoxication
 59971 | Depths:1 | Found a gateway to Hell.
 60073 | Depths:2 | Noticed a juggernaut
 60086 | Depths:2 | Killed a juggernaut
 60086 | Depths:2 | Received a gift from Okawaru
 60750 | Depths:2 | Noticed Bai Suzhen
 61696 | Depths:2 | Killed Bai Suzhen
 61696 | Depths:2 | Received a gift from Okawaru
 62307 | Depths:2 | Received a gift from Okawaru
 62317 | Depths:2 | Got a polished centaur barding {god gift}
 62318 | Depths:2 | Identified the +0 centaur barding "Acu Wua" {rPois MR+
                  | Dex-5 Stlth+} (Okawaru gifted it to you on level 2 of the
                  | Depths)
 62363 | Depths:2 | Found a one-way gate leading to the halls of Pandemonium.
 62760 | Depths:3 | Reached XP level 23. HP: 231/234 MP: 29/29
 63078 | Depths:3 | Found a one-way gate to the infinite horrors of the Abyss.
 63998 | Depths:4 | Found a gateway to a ziggurat.
 64136 | Depths:4 | Noticed Frederick
 64159 | Depths:4 | Killed Frederick
 64478 | Depths:4 | Found a burning altar of Makhleb.
 64478 | Depths:4 | Found a blossoming altar of Fedhas.
 64479 | Depths:4 | Found a shimmering altar of Xom.
 64616 | Depths:4 | Received a gift from Okawaru
 64621 | Depths:4 | Got an iridescent executioner's axe {god gift}
 64622 | Depths:4 | Identified the +1 executioner's axe "Gujejis" {chop, -Tele
                  | +Fly rPois Int+5} (Okawaru gifted it to you on level 4 of
                  | the Depths)
 64720 | Depths:4 | Noticed a juggernaut
 66362 | Depths:4 | Received a gift from Okawaru
 66739 | Depths:4 | Received a gift from Okawaru
 67073 | Depths:4 | Reached skill level 15 in Armour
 67219 | Depths:4 | Found the +8 orange crystal plate armour {Archmagi, Int+3
                  | Clar}
 67260 | Depths:4 | Identified the Grimoire of Feathers and Evil Rites
 67315 | Depths:4 | Reached XP level 24. HP: 200/246 MP: 29/29
 67462 | Depths:5 | Entered Level 5 of the Depths
 67470 | Depths:4 | Received a gift from Okawaru
 67909 | Depths:5 | Found Puibariun's Antique Armour Boutique.
 67940 | Depths:5 | Bought a pair of gloves for 193 gold pieces
 68174 | Depths:5 | Received a gift from Okawaru
 68618 | Depths:5 | Reached skill level 27 in Fighting
 68922 | Depths:5 | Found a gate to the Realm of Zot.
 69819 | Slime:1  | Entered Level 1 of the Pits of Slime
 70943 | Slime:5  | Entered Level 5 of the Pits of Slime
 71213 | Slime:5  | Received a gift from Okawaru
 72059 | Slime:5  | Found a viscous altar of Jiyva.
 72061 | Slime:5  | Noticed the Royal Jelly
 72103 | Slime:5  | Killed the Royal Jelly
 72103 | Slime:5  | Reached XP level 25. HP: 189/257 MP: 27/29
 72647 | Slime:5  | Got a slimy rune of Zot
 73044 | Crypt:1  | Entered Level 1 of the Crypt
 73234 | Crypt:1  | Received a gift from Okawaru
 73588 | Crypt:1  | Received a gift from Okawaru
 74293 | Crypt:2  | Noticed Sojobo
 75646 | Crypt:2  | Found a blossoming altar of Fedhas.
 75664 | Crypt:3  | Entered Level 3 of the Crypt
 76318 | Crypt:3  | Got a smoking platinum amulet
 76326 | Crypt:3  | Identified the amulet "Iggimpent" {Inacc Str+7} (You found
                  | it on level 3 of the Crypt)
 77567 | Crypt:3  | Found a basalt altar of Yredelemnul.
 77989 | Crypt:3  | Received a gift from Okawaru
 78000 | Crypt:3  | Identified the ring of Icashipo {rF+++ rN+ Stlth-}
 78006 | Crypt:3  | Reached skill level 5 in Axes
 78150 | Crypt:3  | Identified Sif Muna's Catalogue of Arcane Weapons
 78156 | Crypt:3  | Got a slimy golden ring
 78158 | Crypt:3  | Identified the ring of Fererea {rElec rC- rN+ MR++ Dex-5}
                  | (You found it on level 3 of the Crypt)
 78161 | Crypt:3  | Got a vibrating lapis lazuli ring
 78162 | Crypt:3  | Identified the ring "Pichise" {rN+ MP+9 Str+7 Dex+3} (You
                  | found it on level 3 of the Crypt)
 78168 | Crypt:3  | Got a pitted centaur barding
 78169 | Crypt:3  | Identified the +0 centaur barding of Absence {rElec rPois
                  | Int+3} (You acquired it on level 3 of the Crypt)
 78262 | Crypt:3  | Received a gift from Okawaru
 78431 | Crypt:3  | Found a staircase to the Tomb.
 78431 | Crypt:3  | Noticed a greater mummy
 78489 | Crypt:3  | Killed a greater mummy
 78789 | Crypt:3  | Got an ebony shortbow
 78790 | Crypt:3  | Identified the +3 shortbow "Qayto" {venom, Str+3 Dex+2}
                  | (You found it on level 3 of the Crypt)
 79161 | Vaults:3 | Killed floatboth's ghost
 79165 | Vaults:3 | Reached XP level 26. HP: 193/266 MP: 29/29
 79204 | Vaults:3 | Received a gift from Okawaru
 79624 | Vaults:4 | Killed quaternion's ghost
 79673 | Vaults:4 | Reached skill level 1 in Spellcasting
 79673 | Vaults:4 | Reached XP level 27. HP: 245/273 MP: 29/29
 79935 | Vaults:4 | Identified the Almanac of the Burning Traveller
 80019 | Vaults:3 | Bought a scroll of immolation for 147 gold pieces
 80019 | Vaults:3 | Bought a shimmering rapier for 378 gold pieces
 80025 | Vaults:3 | Identified the +4 rapier of the Moth {venom, *Corrode +Inv
                  | Str-3 Int+5} (You bought it in a shop on level 3 of the
                  | Vaults)
 80076 | Vaults:5 | Entered Level 5 of the Vaults
 80091 | Vaults:5 | Received a gift from Okawaru
 80093 | Vaults:5 | Received a gift from Okawaru
 80352 | Vaults:4 | Learned a level 2 spell: Song of Slaying
 80436 | Vaults:5 | Received a gift from Okawaru
 81241 | Vaults:5 | Found Plog's Magic Scroll Shoppe.
 81258 | Vaults:5 | Bought a scroll of blinking for 112 gold pieces
 81366 | Vaults:5 | Received a gift from Okawaru
 81741 | Vaults:5 | Identified the +7 battleaxe "Xedoot" {chop, *Noise rElec
                  | rC++ MP+9}
 81774 | Vaults:5 | Reached skill level 10 in Invocations
 81897 | Vaults:5 | Found the +8 Wrath of Trog {antimagic, *Rage}
 81899 | Vaults:5 | Reached skill level 5 in Charms
 81935 | Vaults:5 | Got a silver rune of Zot
 81946 | Vaults:5 | Identified Cugas's Reference Book on Doomed Changing
 82171 | Vaults:5 | Noticed an ancient lich
 82178 | Vaults:5 | Killed an ancient lich
 83171 | Hell     | Entered the Vestibule of Hell
 83171 | Hell     | Noticed Geryon
 83958 | Hell     | Killed Geryon
 84112 | Hell     | Received a gift from Okawaru
 84144 | Hell     | Got a warped plate armour {god gift}
 84145 | Hell     | Identified the +1 plate armour "Deideod" {rElec Stlth+}
                  | (Okawaru gifted it to you in the Vestibule of Hell)
 84218 | Hell     | Found a gateway to the freezing wastes of Cocytus.
 84431 | Hell     | Found a gateway to the decaying netherworld of Tartarus.
 84497 | Hell     | Found a gateway to the ashen valley of Gehenna.
 84686 | Hell     | Found a gateway to the Iron City of Dis.
 84849 | Geh:1    | Entered Level 1 of Gehenna
 87145 | Hell     | Received a gift from Okawaru
 89280 | Geh:3    | Gained mutation: You are frail. (-10% HP) [mutagenic glow]
 90619 | Geh:1    | Reached skill level 5 in Spellcasting
 90619 | Geh:1    | Reached skill level 10 in Evocations
 91491 | Geh:7    | Entered Level 7 of Gehenna
 91573 | Geh:7    | Received a gift from Okawaru
 95379 | Geh:7    | Received a gift from Okawaru
 96271 | Geh:7    | Gained mutation: You tend to lose your temper in combat.
                  | [mutagenic glow]
 96300 | Geh:7    | Gained mutation: Your body sometimes deteriorates upon
                  | taking damage. [mutagenic glow]
 96365 | Hell     | Gained mutation: Your magical capacity is low. (-10% MP)
                  | [mutagenic glow]
 97725 | Geh:7    | Identified the ring of Beogh's Favour {rElec rF+ rC+ Str-3}
 98015 | Geh:7    | Learned a level 3 spell: Regeneration
 98240 | Geh:7    | Received a gift from Okawaru
 98866 | Geh:5    | Reached skill level 1 in Necromancy
 99158 | Geh:7    | Identified the Volume of Poisonous Lightness
 99167 | Geh:7    | Identified the Incunabulum of Battle Magic
 99199 | Geh:7    | Identified the +7 sceptre of Asmodeus
 99199 | Geh:7    | Noticed Asmodeus
 99251 | Geh:7    | HP: 4/245 [Asmodeus/damnation (48)]
 99353 | Geh:7    | Received a gift from Okawaru
 99571 | Geh:7    | Got an obsidian rune of Zot
100181 | Depths:3 | Found a runed door.
100258 | Depths:3 | Received a gift from Okawaru
100329 | Depths:3 | Got a shimmering executioner's axe {god gift}
100330 | Depths:3 | Identified the +3 executioner's axe "Earthworm" {freeze,
                  | rElec rN+ Str-5 Int+4} (Okawaru gifted it to you on level 3
                  | of the Depths)
100366 | Depths:3 | Noticed an ancient lich
100387 | Depths:3 | Noticed an ancient lich
100503 | Depths:3 | Killed an ancient lich
100581 | Depths:3 | Killed an ancient lich
100661 | Depths:3 | Got a heavily runed bone ring
100662 | Depths:3 | Identified the ring "Ziashone" {Fire Int+4 Dex+3} (You
                  | found it on level 3 of the Depths)
100692 | Depths:3 | Got a scintillating platinum ring
100693 | Depths:3 | Identified the ring "Inlur" {-Tele +Inv MR+ Int+10 Dex-2}
                  | (You found it on level 3 of the Depths)
100803 | Depths:3 | Voluntarily entered the Abyss.
101567 | Abyss:1  | Paralysed by accursed screaming for 1 turns
101578 | Abyss:1  | Paralysed by accursed screaming for 1 turns
101727 | Abyss:1  | Received a gift from Okawaru
102199 | Abyss:3  | Reached skill level 10 in Axes
102250 | Abyss:3  | Received a gift from Okawaru
102333 | Abyss:3  | Received a gift from Okawaru
103077 | Abyss:3  | Got a translucent plate armour
103128 | Abyss:3  | Found a corrupted altar of Lugonu.
104368 | Abyss:3  | Received a gift from Okawaru
104428 | Abyss:3  | Paralysed by you for 5 turns
104566 | Abyss:3  | Received a gift from Okawaru
105202 | Abyss:4  | HP: 8/245 [balrug/divine providence (17)]
105214 | Abyss:5  | Entered Level 5 of the Abyss
105214 | Abyss:5  | Entered Level 5 of the Abyss
105268 | Depths:3 | Escaped the Abyss
105270 | Depths:3 | Identified the +0 plate armour of the Cuttlefish {*Contam
                  | Str+6 SInv} (You found it on level 3 of the Abyss)
105479 | Depths:3 | Voluntarily entered the Abyss.
105497 | Abyss:1  | Reached skill level 10 in Charms
105577 | Abyss:1  | Reached skill level 15 in Axes
105631 | Depths:3 | Escaped the Abyss
105871 | Depths:3 | Voluntarily entered the Abyss.
106053 | Abyss:3  | Found a transporter.
106055 | Abyss:3  | Found a corrupted altar of Lugonu.
106085 | Abyss:3  | Paralysed by accursed screaming for 1 turns
106089 | Abyss:3  | Paralysed by accursed screaming for 1 turns
106169 | Abyss:3  | Found a transporter.
106173 | Abyss:3  | Found a corrupted altar of Lugonu.
106227 | Abyss:3  | Found a corrupted altar of Lugonu.
106262 | Abyss:3  | Found a transporter.
106273 | Abyss:3  | Received a gift from Okawaru
106304 | Abyss:3  | Found a transporter.
106315 | Abyss:3  | Got a slimy glass ring
106359 | Abyss:3  | Identified the ring of Ludacloe {Ice rElec MR+ Int+4} (You
                  | found it on level 3 of the Abyss)
106361 | Abyss:3  | Gained mutation: You are very frail. (-20% HP) [a neqoxec]
106978 | Depths:3 | Escaped the Abyss
107039 | Depths:2 | Killed a juggernaut
107304 | D:15     | Lost mutation: Your magical capacity is low. (-10% MP)
                  | [potion of mutation]
107304 | D:15     | Lost mutation: You are very frail. (-20% HP) [potion of
                  | mutation]
107304 | D:15     | Lost mutation: Your body sometimes deteriorates upon taking
                  | damage. [potion of mutation]
107304 | D:15     | Lost mutation: You tend to lose your temper in combat.
                  | [potion of mutation]
107304 | D:15     | Gained mutation: Your mind is acute. (Int +2) [potion of
                  | mutation]
107305 | D:15     | Lost mutation: Your mind is acute. (Int +2) [potion of
                  | mutation]
107305 | D:15     | Lost mutation: You are frail. (-10% HP) [potion of
                  | mutation]
107305 | D:15     | Gained mutation: You have a pair of small horns on your
                  | head. [potion of mutation]
107554 | Coc:1    | Entered Level 1 of Cocytus
107890 | Coc:2    | You fall through a shaft!
107894 | Coc:3    | Received a gift from Okawaru
108946 | Coc:4    | Reached skill level 5 in Necromancy
109196 | Coc:7    | Entered Level 7 of Cocytus
109234 | Coc:7    | Noticed the Serpent of Hell
109636 | Coc:7    | Killed the Serpent of Hell
109636 | Coc:7    | Received a gift from Okawaru
110500 | Coc:7    | Received a gift from Okawaru
110551 | Coc:7    | Noticed Antaeus
110643 | Coc:7    | Learned a level 1 spell: Apportation
110647 | Coc:7    | Got an icy rune of Zot
110710 | Tar:1    | Entered Level 1 of Tartarus
111429 | Tar:5    | Received a gift from Okawaru
111731 | Hell     | Received a gift from Okawaru
111734 | Hell     | Got a pair of encrusted gloves {god gift}
111735 | Hell     | Identified the -2 pair of gloves of Defence {rF+} (Okawaru
                  | gifted it to you in the Vestibule of Hell)
112320 | Tar:5    | Killed by the effects of Hell

Skill      XL: |  1  2  3  4  5  6  7  8  9 10 11 12 13 14 15 16 17 18 19 20 21 22 23 24 25 26 27 |
---------------+----------------------------------------------------------------------------------+-----
Bows           | 6 7 9 10 11 13 15 16 17 19 21 22 23 24 25 27 | 27.0
Fighting       | 3 4 5 7 8 10 11 13 15 16 17 19 21 23 25 26 27 | 27.0
Armour         | 1 2 3 4 5 6 7 8 9 10 11 12 13 14 15 17 19 24 | 24.9
Short Blades   | 1 2 3 |  3.5
Invocations    | 3 5 7 8 9 11 | 11.7
Evocations     | 2 3 4 6 8 10 | 10.5
Long Blades    | 2 3 4 |  4.3
Axes           | 2 3 4 5 6 22 | 22.1
Spellcasting   | 1 9 |  9.3
Charms         | 12 | 12.3
Necromancy     | 5 |  5.8
Dodging        | |  1.3
Stealth        | |  0.4

Action                   |  1- 3 |  4- 6 |  7- 9 | 10-12 | 13-15 | 16-18 | 19-21 | 22-24 | 25-27 || total
-------------------------+-------+-------+-------+-------+-------+-------+-------+-------+-------++-------
Melee: Dagger            |    81 |    38 |   249 |    25 |       |       |       |       |       ||   393
       Kick              |    18 |     8 |    77 |    41 |     6 |     2 |       |     4 |   793 ||   949
       Short sword       |     3 |       |       |       |       |       |       |       |       ||     3
       Great sword       |       |       |       |   100 |    17 |       |       |       |       ||   117
       Executioner's axe |       |       |       |       |       |     3 |       |    14 |  1644 ||  1661
       Headbutt          |       |       |       |       |       |       |       |       |   274 ||   274
 Fire: Shortbow          |    56 |   180 |   330 |   414 |  1320 |  1140 |  1864 |  1941 |  5947 || 13192
       Longbow           |       |       |       |   387 |       |    81 |    96 |    17 |       ||   581
 Cast: Regeneration      |       |       |       |       |       |       |       |       |   162 ||   162
       Apportation       |       |       |       |       |       |       |       |       |     1 ||     1
       Song of Slaying   |       |       |       |       |       |       |       |       |     1 ||     1
Invok: Heroism           |       |       |       |       |     1 |       |       |       |       ||     1
       Finesse           |       |       |       |       |       |     1 |     2 |     1 |    11 ||    15
 Abil: Evoke Flight      |       |       |       |       |       |       |       |       |    17 ||    17
       Evoke Invisibilit |       |       |       |       |       |       |       |       |     5 ||     5
Evoke: Wand              |       |       |       |       |       |       |       |       |     1 ||     1
       Fan of gales      |       |       |       |       |       |       |       |       |     1 ||     1
       Horn of Geryon    |       |       |       |       |       |       |       |       |     1 ||     1
  Use: Scroll            |       |       |    14 |    10 |    17 |    12 |    12 |     6 |    35 ||   106
       Potion            |       |       |       |     3 |       |     6 |     1 |     1 |    14 ||    25
 Stab: Distracted        |       |       |       |       |       |       |       |       |     2 ||     2
       Paralysed         |       |       |       |       |       |       |       |       |     1 ||     1
  Eat: Chunk             |     5 |     2 |    11 |    31 |    15 |    24 |    28 |    27 |    40 ||   183
       Ration            |       |       |     1 |       |       |     1 |     3 |     3 |    27 ||    35
Armor: Ring mail         |    30 |       |    40 |     6 |       |       |       |       |       ||    76
       Leather armour    |     1 |       |       |       |       |       |       |       |       ||     1
       Scale mail        |     7 |    18 |    22 |    22 |     6 |       |       |       |       ||    75
       Plate armour      |       |       |       |   141 |   101 |   337 |   220 |   374 |   232 ||  1405
       Chain mail        |       |       |       |       |     6 |       |       |       |       ||     6
       Crystal plate arm |       |       |       |       |       |       |       |   146 |  4662 ||  4808
       Troll leather arm |       |       |       |       |       |       |       |       |     8 ||     8
       Gold dragon scale |       |       |       |       |       |       |       |       |   208 ||   208
Dodge: Dodged            |    28 |    23 |    88 |   101 |    18 |    74 |    54 |    94 |   852 ||  1332
       Rpst.: Great sword |       |       |       |    16 |       |       |       |       |       ||    16
